Map: Scythe of Amon

Players

Leviathan

  • Race: Zerg Zerg
  • Spawn Location: 5:00

StoicLoofah

  • Race: Terran Terran

VOD

Have the link to the VOD?

Description

Time

  • Played on: Oct. 3, 2018, 10:55 p.m.
  • Length: 20:17
Show
View Real Time Build Order
Export as new Build Order

Leviathan Zerg 

Build Orders:  

Get SALT Encoding   

  6  0:10  Drone x2  
  6  0:18  Drone x2  
  8  0:27  Drone x2  
  9  0:36  Drone x2  
  10  0:41  Extractor  
  10  0:49  Extractor  
  9  0:51  Drone x2  
  10  1:00  Drone x2  
  10  1:08  Drone x2  
  12  1:24  Drone x4  
  14  1:34  Overlord  
  14  1:58  Spawning Pool  
  13  2:14  Evolution Chamber  
  13  2:18  Drone x2  
  13  2:19  Evolution Chamber  
  13  2:28  Queen  
  14  2:35  Metabolic Boost  
  14  2:44  Drone x2  
  15  2:58  Baneling Nest  
  15  3:09  Heroic Fortitude  
  15  3:19  Swarmling x3  
  19  3:20  Swarmling x6  
  19  3:29  Overlord  
  19  3:49  Lair  
  19  3:55  Centrifical Hooks  
  21  4:12  Swarmling x15  
  21  4:17  Overlord  
  31  4:52  Overlord x2  
  26  5:37  Medusa Blades  
  26  5:42  Hardened Carapace  
  26  5:44  Unknown  
  26  5:56  Hatchery  
  27  6:28  Aberration x2  
  34  6:30  Swarmling x3  
  34  6:31  Swarmling x12  
  25  7:24  Drone x10  
  25  7:25  Drone x8  
  35  7:40  Swarmling x12  
  39  7:54  Hive  
  41  8:14  Extractor  
  41  8:17  Drone x8  
  41  8:18  Extractor  
  44  8:26  Queen  
  47  8:35  Protective Cover  
  39  8:59  Swarmling x3  
  49  9:00  Swarmling x36  
  58  9:44  Hatchery  
  58  9:47  Corrosive Acid  
  57  9:50  Adrenal Overload  
  34  10:29  Swarmling x3  
  44  10:30  Swarmling x45  
  44  10:37  Overlord  
  44  10:38  Overlord x4  
  59  10:46  Queen  
  62  11:14  Zerg Ground Armor Level 1  
  62  11:17  Rupture  
  62  11:19  Shredding Claws  
  62  11:27  Aberration x2  
  62  11:28  Aberration x2  
  76  11:34  Aberration  
  77  12:27  Swarmling x12  
  77  12:28  Swarmling x6  
  89  12:30  Swarmling x3  
  89  12:54  Unknown  
  89  12:57  Drone x2  
  92  13:01  Scourge Nest  
  73  14:03  Zerg Ground Armor Level 2  
  73  14:05  Simplified Genome  
  59  14:41  Aberration x4  
  59  14:42  Swarmling x3  
  59  14:43  Swarmling x24  
  59  14:44  Swarmling x36  
  97  15:05  Virulent Spores  
  97  15:23  Roach x8  
  97  15:24  Roach x12  
  90  16:05  Zerg Flyer Weapons Level 1  
  88  16:20  Scourge x6  
  88  16:21  Scourge x12  
  88  16:26  Scourge x4  
  97  17:06  Swarmling x3  
  97  17:08  Scourge x2  
  99  17:41  Unknown  
  89  18:51  Scourge x8  
  89  18:53  Swarmling x12  
  99  19:14  Roach x10  
  99  19:15  Roach x10  
  88  19:22  Swarmling x21  
  89  19:32  Scourge x20  
  89  19:33  Scourge x10  
Show
View Real Time Build Order
Export as new Build Order

StoicLoofah Terran 

Build Orders:  

Get SALT Encoding   

  12  0:03  SCV  
  3  0:20  SCV  
  13  0:26  Refinery  
  14  0:36  SCV  
  15  0:53  SCV  
  16  1:00  Engineering Bay  
  16  1:10  SCV  
  17  1:27  SCV  
  18  1:31  Refinery  
  18  1:44  SCV  
  18  1:45  Gunslingers Hideout  
  19  2:01  SCV  
  19  2:08  Outlaw Weapons Level 1  
  20  2:36  SCV  
  21  2:40  Auto-Turret  
  21  2:53  SCV  
  22  3:01  Tychus  
  22  3:12  SCV  
  23  3:29  SCV  
  24  3:46  SCV  
  25  4:03  SCV  
  26  4:20  SCV  
  27  4:37  SCV  
  28  4:54  Crooked Sam, SCV  
  39  5:11  SCV  
  39  5:15  Outlaw Weapons Level 2  
  40  5:28  Muscle Armory  
  40  5:46  Command Center  
  40  6:06  Fixers Safehouse  
  40  6:21  Medivac Platform  
  40  7:07  SCV  
  41  7:16  Engineering Bay  
  41  7:28  Auto-Turret  
  41  7:46  SCV x2  
  43  7:56  Auto-Turret  
  43  8:16  SCV x2  
  45  8:23  Auto-Turret  
  45  8:33  SCV x2  
  47  8:50  Auto-Turret  
  47  8:57  SCV  
  47  8:58  SCV  
  49  9:06  Refinery  
  49  9:08  Refinery  
  49  9:26  Miles Blaze Lewis  
  59  9:41  Outlaw Weapons Level 3  
  59  9:43  Outlaw Life and Armor Level 1  
  59  9:57  SCV  
  59  9:58  SCV  
  61  10:46  KD9a Implosion Core  
  61  10:54  SCV x2  
  63  11:11  SCV x2  
  65  11:36  SCV x2  
  67  11:52  Nux  
  77  12:21  Outlaw Life and Armor Level 2  
  77  12:27  Flashforce GDM Visor  
  77  12:53  LarsCorp G7 Charges  
  77  13:59  High Capacity Containers  
  77  14:05  Kel-Morian Ripper Rounds  
  77  14:07  SCV x2  
  79  15:04  Procyon Shade Suit  
  79  15:05  Wildflame Fuel Additives  
  79  15:11  SCV x2  
  81  15:30  SCV x2  
  83  15:44  Crystalline Amplifiers  
  83  16:25  Outlaw Life and Armor Level 3  
  83  16:30  T4 Cloudburst Shells  
  83  18:00  Vanadium Shell  
  83  18:01  Moebius Restraint Matrix  
  83  18:02  Hades Oil  
  83  18:53  Ultrasonic Boosters  
Tags
 
Add a new tag
Caveats
  • Supply blocks, unpowered buildings, or Contaminate may cause inaccurate times.
  • Supply counts are checked every 10 seconds.